AoeStats
← is it pink?

Arabia

510879522Analyzed
4v4 RM · 11h ago on Oct 2, 2026· 26m 15s· 8 players
Game mode
Random Map
Map size
Large (8 player)
Population
200
Speed
Normal
Resources
Standard
Victory
Conquest
Starting age
Dark Age
Ending age
Imperial Age
RankedLock teamsTeams togetherTeam positionsShared explorationLock speedFull tech treeHidden civsTurbo modeCheats
Victory
Defeat
🇦🇷 Ethiopians · Argentina
1553
+12
🇦🇷 Huns · Argentina
1523
+13
🇦🇷 Maya · Argentina
1505
+13
🇦🇷 Lithuanians · Argentina
1376
+18
🇳🇱 Portuguese · Netherlands
1520
-17
🇩🇰 Italians · Denmark
1480
-15
🇺🇸 Varangians · United States
1448
-14
🇺🇸 Ethiopians · United States
1347
-10
NUBSINC
7:03 Loom
9:44 Feudal Age
10:28 Double-Bit Axe
15:05 Bloodlines
15:43 Scale Barding Armor
18:33 Forging
shottyg
6:12 Loom
8:55 Feudal Age
10:04 Double-Bit Axe
12:15 Fletching
23:40 Castle Age
21:53 Horse Collar
23:47 Padded Archer Armor
24:05 Crossbowman
24:42 Bodkin Arrow
is it pink?
10:18 Feudal Age
8:34 Loom
14:49 Castle Age
24:37 Double-Bit Axe
26:23 Horse Collar
Lord Longshaft
9:48 Feudal Age
10:22 Double-Bit Axe
10:38 Horse Collar
11:09 Loom
14:06 Scale Barding Armor
20:18 Bloodlines
21:47 Stone Mining
24:30 Castle Age
24:24 Fletching
24:31 Gold Mining
Reluctance
0:28 Loom
9:00 Feudal Age
9:42 Double-Bit Axe
9:57 Double-Bit Axe
11:57 Town Watch
13:08 Fletching
17:11 Padded Archer Armor
22:43 Castle Age
20:38 Horse Collar
21:35 Gold Mining
22:54 Padded Archer Armor
22:43 Crossbowman
23:34 Bodkin Arrow
25:33 Ballistics
27:18 Wheelbarrow
27:03 Bow Saw
[TBArg] Pichaco ツ
7:10 Loom
9:19 Feudal Age
10:16 Double-Bit Axe
10:11 Horse Collar
17:37 Forging
18:21 Wheelbarrow
18:50 Scale Barding Armor
20:07 Bloodlines
24:11 Castle Age
25:11 Bow Saw
25:22 Chain Barding Armor
25:42 Husbandry
Hao_Arg
2:51 Loom
9:47 Feudal Age
11:35 Double-Bit Axe
13:32 Wheelbarrow
13:59 Fletching
17:19 Gold Mining
21:42 Castle Age
25:39 Crossbowman
Geraniko37
7:00 Loom
9:07 Feudal Age
12:13 Double-Bit Axe
12:08 Horse Collar
12:47 Forging
14:55 Scale Barding Armor
21:39 Castle Age
20:18 Bloodlines
22:21 Husbandry
22:42 Chain Barding Armor
24:17 Gold Mining
Connection lost

Rejoining the realm…

Still unreachable

The connection could not be restored.

Session expired

The server has moved on; the page needs a fresh start.